 Dungeon Crawl Stone Soup version 0.31.0-2-g5a2aebc5c2 (webtiles) character file.

Game seed: 11776596633079796222

7296 ShnitzelX3 the Destroyer (level 10, -6/75 HPs)
             Began as a Yellow Draconian Conjurer on Jan 20, 2024.
             Was a Priest of Dithmenos.
             Mangled by a two-headed ogre
             ... wielding a +0 giant spiked club
              (26 damage)
             ... on level 9 of the Dungeon.
             The game lasted 00:39:07 (10168 turns).

ShnitzelX3 the Destroyer (DrCj)                    Turns: 10168, Time: 00:39:07

Health: -6/75      AC: 10    Str: 13    XL:     10   Next: 89%
Magic:  13/30      EV: 12    Int: 28    God:    Dithmenos [***...]
Gold:   560        SH:  4    Dex:  7    Spells: 8/24 levels left

rFire   + + +        a - +0 mace "Demonbane" {flame, rF++ Str+4 Dex-4}
rCold   . . .        U - +1 buckler {rF+}
rNeg    . . .        (body armour unavailable)
rPois   .            (helmet restricted)
rElec   .            H - +1 cloak {Stlth+}
rCorr   +            (no gloves)
SInv    .            D - +0 pair of boots
Will    .....        l - amulet of the acrobat
Stlth   +++++        B - ring of magical power
HPRegen 0.32/turn    C - +6 ring of intelligence
MPRegen 0.22/turn

%: acrobat
@: very slightly contaminated, wreathed by umbra
A: spit acid, AC +7, unfitting armour, cold-blooded, acid resistance
a: Breathe Acid, Renounce Religion, Shadow Step


You were on level 9 of the Dungeon.
You worshipped Dithmenos.
Dithmenos was most pleased with you.
You visited 2 branches of the dungeon, and saw 10 of its levels.
You also visited: Sewer.

You collected 599 gold pieces.
You spent 39 gold pieces at shops.

Inventory:

Hand Weapons
 a - the +0 mace "Demonbane" (weapon) {flame, rF++ Str+4 Dex-4}
   (You found it on level 5 of the Dungeon)

   Str+4:     It affects your strength (+4).
   Dex-4:     It affects your dexterity (-4).
   rF++:      It greatly protects you from fire.
 b - a +0 dagger of electrocution
 t - a +1 dagger of flaming
 w - a +0 sling
 P - a +5 war axe of freezing
 T - a +3 dagger of protection
Missiles
 u - 4 javelins
 A - 5 curare-tipped darts (quivered)
 S - 2 poisoned darts
Armour
 D - a +0 pair of boots (worn)
 H - a +1 cloak of stealth (worn)
 U - a +1 buckler of fire resistance (worn)
Magical Staves
 k - a staff of alchemy
Jewellery
 c - an amulet of faith
 l - an amulet of the acrobat (around neck)
 B - a ring of magical power (left hand)
 C - a +6 ring of intelligence (right hand)
 M - an amulet of reflection
 Q - a ring of protection from cold
Talismans
 N - a flux talisman
Wands
 F - a wand of iceblast (9)
 I - a wand of charming (9)
 J - a wand of flame (21)
 R - a wand of mindburst (18)
 V - a wand of polymorph (6)
Scrolls
 e - a scroll of amnesia
 g - a scroll of blinking
 j - 2 scrolls of brand weapon
 p - 2 scrolls of revelation {unknown}
 s - a scroll of fear
 v - a scroll of vulnerability {unknown}
 x - 2 scrolls of poison {unknown}
 y - a scroll of enchant weapon {unknown}
 G - a scroll of immolation {unknown}
 L - a scroll of torment {unknown}
 O - a scroll of summoning {unknown}
Potions
 d - a potion of invisibility {unknown}
 f - 2 potions of haste {unknown}
 h - a potion of attraction {unknown}
 i - a potion of mutation {unknown}
 m - 2 potions of cancellation {unknown}
 n - 2 potions of curing
 o - 2 potions of resistance
 q - a potion of heal wounds {unknown}
 r - 2 potions of enlightenment
 z - a potion of ambrosia {unknown}
 E - a potion of magic
 K - a potion of brilliance {unknown}


   Skills:
 - Level 2.8 Fighting
 + Level 6.0 Dodging
 + Level 6.6 Stealth
 * Level 7.5 Spellcasting
 * Level 9.0 Conjurations
 - Level 2.2 Translocations
 * Level 7.7 Fire Magic
 - Level 1.2 Alchemy


You had 8 spell levels left.
You knew the following spells:

 Your Spells              Type           Power      Damage    Failure   Level
a - Magic Dart            Conj           100%       1d8       1%          1
b - Searing Ray           Conj           100%       2d8       1%          2
c - Blink                 Tloc           46%        N/A       4%          2
d - Fulminant Prism       Conj/Alch      19%        3d10      9%          4
e - Foxfire               Conj/Fire      100%       2x1d9     1%          1
f - Starburst             Conj/Fire      27%        6d9       34%         6

Your spell library contained the following spells:

 Spells                   Type           Power      Damage    Failure   Level
 Momentum Strike          Conj/Tloc      84%        3d10      1%          2
 Static Discharge         Conj/Air       70%        3-6/arc   1%          2
 Lesser Beckoning         Tloc           46%        N/A       4%          2
 Iskenderun's Mystic Bla  Conj/Tloc      42%        2d10      7%          4
 Airstrike                Air            5%         2d(1-17)  58%         4
 Summon Lightning Spire   Summ/Air       10%        N/A       58%         4
 Plasma Beam              Fire/Air       16%        2x1d27    92%         6
 Malign Gateway           Summ/Tloc      8%         N/A       100%        7
 Summon Horrible Things   Summ           5%         N/A       100%        8


Dungeon Overview and Level Annotations

Branches:
Dungeon (9/15)             Temple (1/1) D:5           Sewer (visited)
   Lair: D:8-11         Orc: D:9-12

Altars:
Ashenzari
Cheibriados
Dithmenos
Elyvilon
Fedhas
Gozag
Hepliaklqana
Kikubaaqudgha
Makhleb
Nemelex Xobeh
Okawaru
Qazlal
Ru
Sif Muna
Trog
Uskayaw
Vehumet
Yredelemnul
Zin
The Shining One

Shops:
D:5 *

Annotations:
D:6 exclusion: oklob plant
D:9 Psyche


Innate Abilities, Weirdness & Mutations

You can spit globs of acid.
Your golden yellow scales are hard. (AC +7)
You cannot fit into any form of body armour.
You are cold-blooded and may be slowed by cold attacks.
You are resistant to acid. (rCorr)


Message History

Your fulminant prism crackles loudly.
The searing ray misses the kobold demonologist.
The searing ray hits the two-headed ogre!
The two-headed ogre is heavily wounded.
The kobold throws a stone.
The stone completely misses you.
The kobold throws a stone.
The stone completely misses you.
Your fulminant prism explodes!
The blast of energy engulfs the two-headed ogre!
The two-headed ogre is severely wounded.
The blast of energy engulfs the kobold demonologist!
The kobold demonologist is almost dead.
You hear a bellow!
You hear a shout!
You hear an angry hiss.
You hear a loud, deep croak!
You hear a shout! x2
The searing ray hits the kobold demonologist!
You kill the kobold demonologist!
Dithmenos accepts your kill.
The searing ray hits the two-headed ogre!
The two-headed ogre is almost dead.
Your Conjurations skill increases to level 9!
Unknown command.
The searing ray hits the two-headed ogre!
The two-headed ogre is almost dead.
You finish channelling your searing ray.
The kobold throws a stone.
The stone misses you.
Casting: Searing Ray (safe; 1% risk of failure)
Confirm with . or Enter, or press ? or * to list all spells.
Casting: Starburst (quite dangerous; 34% risk of failure)
Press: ? - help, Dir - look around, f - activate You miscast Starburst.
You are very lightly contaminated with residual magic.
You are blasted with magical energy!!
The two-headed ogre hits you with a +0 giant spiked club!!
The two-headed ogre hits you with a +0 giant club!
* * * LOW HITPOINT WARNING * * *
As you read the scroll of fear, it crumbles to dust.
You assume a fearsome visage.
The kobold looks frightened! x2
The two-headed ogre resists with some effort.
You block the two-headed ogre's attack.
The two-headed ogre hits you with a +0 giant club!!
You die...

# ##...#
##.)## #
###.######..#
#..........
##....)....
..........
#.........
#/..)KK...
#..O......
#@##### ###
#.# #.# ##.#
#. #.# #..#
... #..
#<#### #.##
.##YY #.#
#....# #.# .#
#.##..
####.## #.#
..# .....
#..# ###.#
###.# @Y..
##.# #...#
#...# #..


You could see a two-headed ogre and 2 kobolds.

Vanquished Creatures
  A boulder beetle (D:8)
  A tengu warrior (D:8)
  A deep elf pyromancer (D:8)
  Pikel (D:7)
  A kobold demonologist (D:9)
  Grinder (D:6)
  A vampire (D:8)
  6 yaks
  Grum (D:8)
  Menkaure (D:6)
  An acid dragon (D:8)
  A water moccasin (D:7)
  4 ice beasts
  A sky beast (D:7)
  A black bear (D:6)
  3 centaurs
  3 wolves
  An ogre (D:6)
  3 lemures (D:7)
  A kobold brigand (D:9)
  A phantom (D:6)
  8 bullfrogs
  4 scorpions
  5 wights (D:8)
  2 bombardier beetles (D:4)
  6 jellies
  Crazy Yiuf (D:6)
  2 hounds
  5 orc priests
  3 sleepcaps (D:5)
  Jessica (D:2)
  4 iguanas
  Natasha (twice) (D:3)
  5 orc wizards
  8 adders
  2 river rats (D:5)
  3 white imps
  2 ufetubi (D:5)
  8 dart slugs
  A ribbon worm (D:2)
  18 orcs
  11 ball pythons
  2 bats
  15 endoplasms
  17 giant cockroaches
  7 goblins
  7 hobgoblins
  8 quokkas
  14 frilled lizards
  15 kobolds
  7 rats
228 creatures vanquished.

Vanquished Creatures (others)
  161 foxfires
  34 fulminant prisms
195 creatures vanquished.

Grand Total: 423 creatures vanquished

Notes
Turn   | Place    | Note
-------+----------+-------------------------------------------
     0 | D:1      | ShnitzelX3 the Draconian Conjurer began the quest for the
                  | Orb.
     0 | D:1      | Reached XP level 1. HP: 14/14 MP: 3/3
   193 | D:1      | Reached XP level 2. HP: 20/20 MP: 0/5
   246 | D:1      | Learned a level 2 spell: Searing Ray
   758 | D:1      | Learned a level 2 spell: Blink
   954 | D:2      | Reached XP level 3. HP: 26/26 MP: 3/6
  1259 | D:2      | Reached XP level 4. HP: 13/34 MP: 3/8
  1494 | D:2      | Reached skill level 1 in Translocations
  1556 | D:2      | Reached skill level 1 in Fighting
  1612 | D:2      | Noticed Jessica
  1671 | D:3      | Noticed Natasha
  2320 | D:4      | Reached XP level 5. HP: 40/40 MP: 2/9
  2761 | D:4      | Found a stormy altar of Qazlal.
  2769 | D:4      | Reached XP level 6. HP: 43/48 MP: 2/10
  2820 | D:4      | Reached skill level 5 in Conjurations
  2834 | D:4      | Learned a level 4 spell: Fulminant Prism
  3068 | D:4      | Found a shadowy altar of Dithmenos.
  3076 | D:4      | Became a worshipper of Dithmenos the Shadowed
  3266 | D:4      | Noticed a wyvern
  3655 | D:2      | Killed Jessica
  3676 | D:3      | Killed Natasha
  3677 | D:3      | Your scales start taking on a golden yellow colour.
  3677 | D:3      | Reached XP level 7. HP: 49/56 MP: 8/12
  3677 | D:3      | Gained mutation: You are resistant to acid. (rCorr) [Yellow
                  | Draconian growth]
  3720 | D:3      | Noticed Natasha
  3729 | D:3      | Killed Natasha
  3730 | D:3      | Reached skill level 1 in Alchemy
  4192 | D:5      | Entered Level 5 of the Dungeon
  4266 | D:5      | Found Zuuff's General Store.
  4270 | D:5      | Bought a potion of curing for 39 gold pieces
  4332 | D:5      | Found a snail-covered altar of Cheibriados.
  4369 | D:5      | Learned a level 1 spell: Foxfire
  4398 | D:5      | Found a staircase to the Ecumenical Temple.
  4404 | Temple   | Entered the Ecumenical Temple
  4437 | D:5      | Found a glowing drain.
  4461 | Sewer    | Entered a sewer
  4598 | Sewer    | Reached * piety under Dithmenos
  4730 | Sewer    | Reached skill level 1 in Fire Magic
  4987 | D:5      | Reached XP level 8. HP: 62/62 MP: 14/14
  5279 | D:5      | Identified the +0 mace "Demonbane" {flame, rF++ Str+4
                  | Dex-4}
  5300 | D:5      | Reached skill level 6 in Conjurations
  5639 | D:6      | Reached ** piety under Dithmenos
  5751 | D:6      | Reached skill level 5 in Spellcasting
  6072 | D:6      | Noticed Menkaure
  6077 | D:6      | Noticed Grinder
  6080 | D:6      | Killed Menkaure
  6097 | D:6      | Killed Grinder
  6098 | D:6      | Reached skill level 7 in Conjurations
  6098 | D:6      | Reached XP level 9. HP: 68/68 MP: 15/17
  6233 | D:6      | Noticed an oklob plant
  6426 | D:6      | Found a runed translucent door.
  6427 | D:6      | Noticed Crazy Yiuf
  6576 | D:6      | Killed Crazy Yiuf
  6890 | D:7      | Reached skill level 5 in Stealth
  7189 | D:7      | Found a glowing golden altar of the Shining One.
  7419 | D:7      | Noticed Pikel
  7434 | D:7      | Killed Pikel
  7435 | D:7      | Reached skill level 5 in Fire Magic
  7941 | D:8      | Reached skill level 8 in Conjurations
  8026 | D:8      | Reached *** piety under Dithmenos
  8167 | D:8      | Noticed Grum
  8179 | D:7      | Reached skill level 5 in Dodging
  8180 | D:7      | Reached XP level 10. HP: 46/75 MP: 17/20
  8275 | D:7      | Learned a level 6 spell: Starburst
  8663 | D:8      | Killed Grum
  8667 | D:8      | Noticed a brown ugly thing
  9109 | D:8      | Noticed a tengu warrior
  9189 | D:8      | Noticed a deep elf pyromancer
  9218 | D:8      | Killed a tengu warrior
  9293 | D:8      | Killed a deep elf pyromancer
  9335 | D:8      | Noticed a boulder beetle
  9605 | D:8      | Killed a boulder beetle
  9809 | D:9      | Noticed Psyche
  9952 | D:9      | Noticed a two-headed ogre
 10166 | D:9      | Reached skill level 9 in Conjurations
 10168 | D:9      | Mangled by a two-headed ogre

Illustrated notes

Levels and vault maps discovered:
D:1:      tarquinn_simple_flora_water_e, layout_rooms
D:2:      layout_basic, minmay_fractal_squares_gapless_5, uniq_jessica
D:3:      layout_rooms, uniq_natasha
D:4:      layout_basic, mainiacjoe_overflow_boulevard, grunt_qazlal_clouds
D:5:      layout_loops_ring, mainiacjoe_overflow_24_doors,
          minmay_temple_entry_hall, serial_shops, shop, portal_sewer_entry_b,
          dreamdust_wishing_well
D:6:      lemuel_slime, layout_basic, minmay_tree_intersection, uniq_menkaure,
          uniq_crazy_yiuf_cottage, uniq_grinder
D:7:      layout_gridville, nicolae_tso_swordbearing_angel, uniq_pikel
D:8:      minmay_curly_fans, layout_cave_pools, minivault_22,
          minmay_misc_feat_diagonals, kennysheep_decorative_pillar,
          corexii_leaking_fountain, nicolae_titane, uniq_grum
D:9:      layout_rooms, mainiacjoe_overflow_cross_hatched,
          mainiacjoe_overflow_alcove_4, orc_0_dummy, kennysheep_potato,
          uniq_psyche
Temple:   nicolae_temple_superstar

Skill      XL: |  1  2  3  4  5  6  7  8  9 10 |
---------------+-------------------------------+-----
Stealth        | 2 3 4 5 6 |  6.6
Dodging        | 2 3 4 5 6 |  6.0
Translocations | 1 2 |  2.2
Fighting       | 1 2 |  2.8
Spellcasting   | 3 4 5 6 7 |  7.5
Conjurations   | 5 7 8 9 |  9.0
Alchemy        | 1 |  1.2
Fire Magic     | 1 4 5 7 |  7.7

Action                     |  1- 3 |  4- 6 |  7- 9 | 10-12 || total
---------------------------+-------+-------+-------+-------++-------
  Melee: Club              |    16 |     1 |       |       ||    17
         Tailslap          |     5 |     2 |    15 |     4 ||    26
         Dagger            |     2 |    21 |     1 |       ||    24
         Trident           |       |    14 |    40 |       ||    54
         Punch             |       |       |     1 |       ||     1
         Mace              |       |       |    50 |    15 ||    65
  Throw: Dart              |     3 |     5 |       |     4 ||    12
   Cast: Magic Dart        |    45 |    43 |    26 |     8 ||   122
         Searing Ray       |     7 |    18 |    34 |    16 ||    75
         Foxfire           |       |       |    74 |    24 ||    98
         Fulminant Prism   |       |       |    14 |    20 ||    34
         Starburst         |       |       |       |     1 ||     1
Ability: Breathe Acid      |       |       |     5 |     1 ||     6
         Begin Untransform |       |       |     1 |       ||     1
    Use: Potion            |     1 |       |       |     1 ||     2
         Scroll            |       |       |     5 |     3 ||     8
   Stab: Sleeping          |     2 |       |     4 |     1 ||     7
 Armour: Skin              |    22 |    22 |   130 |    37 ||   211
  Dodge: Dodged            |    14 |    49 |   193 |    28 ||   284
  Block: Buckler           |       |       |       |     1 ||     1
   Form: Flux              |       |       |     1 |       ||     1
